 Dungeon Crawl Stone Soup version 0.29.0-15-g675c0067aa (webtiles) character file.

Game seed: 3951235854493435675

1 qw the Sneak (level 1, -15/14 HPs)
             Began as a Gargoyle Delver on Sept 11, 2022.
             Demolished by an ogre
             ... wielding a +0 giant spiked club
              (26 damage)
             ... on level 4 of the Dungeon.
             The game lasted 00:00:01 (25 turns).

qw the Sneak (Gargoyle Delver)                        Turns: 25, Time: 00:00:01

Health: -15/14     AC:  5    Str: 15    XL:     1   Next: 20%
Magic:  1/1        EV: 11    Int: 10    God:
Gold:   18         SH:  0    Dex: 11    Spells: 0/0 levels left

rFire   . . .      SeeInvis .   a - +0 hand axe
rCold   . . .      Faith    .   (no shield)
rNeg    + . .      Spirit   .   b - +0 leather armour
rPois   inf        Reflect  .   (no helmet)
rElec   +          Harm     .   (no cloak)
rCorr   .          Rampage  .   (no gloves)
Will    .....                   (no boots)
Stlth   +++.......              (no amulet)
HPRegen 0.04/turn               (no ring)
MPRegen 0.07/turn               (no ring)

@: no status effects
A: sickness immunity, AC +2, negative energy resistance 1, electricity
resistance, torment resistance 1, petrification resistance
a: no special abilities


You were on level 4 of the Dungeon.
You visited 1 branch of the dungeon, and saw 2 of its levels.

You collected 18 gold pieces.


Innate Abilities, Weirdness & Mutations

You are immune to sickness and miasma.
Your stone body is resilient. (AC +2)
You are immune to poison.
You resist negative energy. (rN+)
You are resistant to electric shocks. (rElec)
You are resistant to unholy torment.
You are immune to petrification.


   Skills:
 - Level 3.2 Fighting
 + Level 1.9 Axes
 - Level 1.5 Dodging
 - Level 5.4 Stealth


You couldn't memorise any spells.
You didn't know any spells.
Your spell library was empty.

Inventory:

Hand Weapons
 a - a +0 hand axe (weapon)
Armour
 b - a +0 leather armour (worn)
Wands
 g - a wand of digging (3)
Scrolls
 c - 2 scrolls of blinking {unknown}
Potions
 f - a potion of haste

Dungeon Overview and Level Annotations

Branches:
Dungeon (5/15)
 Temple: D:4-7

Altars:


Message History

(D) Dungeon
Where to? (* - list waypoints, ? - help)
What level of the Dungeon? (default 1, ? - help)
c - 2 scrolls labelled EGAUVV IRYN
There is a stone staircase leading up here.
You climb upwards.
You hear the hiss of flowing sand.
There is an entrance to an ossuary on this level.
Hurry and find it before the portal is buried!
There is a stone staircase leading down here.
There are monsters nearby!
Existing waypoints: (2) D:5 Assign waypoint to what number? (0-9, D - delete waypoint) Waypoint 1 assigned to D:4.
16 ||| PLANNING OSSUARY You barely miss the quokka.
The quokka bites you but does no damage.
You hit the quokka.
You kill the quokka!
A howler monkey and an ogre come into view.
You closely miss the howler monkey.
The howler monkey hoots and howls with incredible vigour!
The ogre shouts!
You hear an angry hiss. x2; You hear a shout! x2
You hit the howler monkey but do no damage.
The howler monkey hits you.
The howler monkey hoots and howls with incredible vigour!
You hear an angry hiss.
You hit the howler monkey but do no damage.
The howler monkey closely misses you.
You hit the howler monkey.
The howler monkey is moderately wounded.
The howler monkey hits you but does no damage.
The howler monkey misses you.
You hit the howler monkey but do no damage.
The howler monkey is moderately wounded.
You hit the ogre. The howler monkey hits you.
The ogre hits you with a +0 giant spiked club!!
Ouch! That really hurt!
You die...

. .. #. ..
.###.#### #
......O>#.##...
.....##@h......
... ###.##... #
..# .# .# #


You could see an ogre and a howler monkey.

Vanquished Creatures
  A quokka (D:4)
1 creature vanquished.

Notes
Turn   | Place    | Note
-------+----------+-------------------------------------------
     0 | D:5      | qw the Gargoyle Delver began the quest for the Orb.
     0 | D:5      | Reached XP level 1. HP: 14/14 MP: 1/1
     0 | D:5      | 0 ||| qw: Version: 0.1-a-117-gfe26ee0
     0 | D:5      | 0 ||| qw: Game counter: 10051
     0 | D:5      | 0 ||| qw: Always use a shield: true
     0 | D:5      | 0 ||| qw: God list: Okawaru
     0 | D:5      | 0 ||| qw: Allow faded altars: false
     0 | D:5      | 0 ||| qw: Do Orc after D:15 true
     0 | D:5      | 0 ||| qw: Do second Lair branch before Depths: true
     0 | D:5      | 0 ||| qw: Lair rune preference: random
     0 | D:5      | 0 ||| qw: Plans: Normal
     0 | D:5      | 0 ||| PLANNING D:1-11
     3 | D:5      | 3 ||| DROPPING scroll of fog.
     4 | D:5      | 4 ||| DROPPING scroll of magic mapping.
     5 | D:5      | 5 ||| DROPPING scroll of fear.
    15 | D:4      | Noticed a howler monkey
    16 | D:4      | 16 ||| PLANNING OSSUARY
    20 | D:4      | Noticed an ogre
    25 | D:4      | Demolished by an ogre

Levels and vault maps discovered:
D:4:      kennysheep_big_flooded_room, layout_loops_cross,
          grunt_temple_overflow_open, grunt_temple_overflow_cloverleaf,
          gup_ossuary_entry_pyramid, gammafunk_ghost_stat_death,
          minmay_joined_circles
D:5:      layout_gridville, minmay_temple_entry_purple_smoke

Action                   || total
-------------------------++-------
Melee: Hand axe          ||     7
Armor: Leather armour    ||     2
Dodge: Dodged            ||     2

Table legend:
 A = Non-vault XP
 B = Vault XP
 C = Vault XP percentage of total XP
 D = Non-vault monster count
 E = Vault monster count
 F = Vault count percentage of total count
                 A         B        C        D         E       F
            +---------+---------+-------+---------+---------+-------
      Total |       2 |       0 |   0.0 |       1 |       0 |   0.0
            +---------+---------+-------+---------+---------+-------
        D:4 |       2 |       0 |   0.0 |       1 |       0 |   0.0
            +---------+---------+-------+---------+---------+-------
